 Dungeon Crawl Stone Soup version 0.21-a0-331-gfb491b4 (webtiles) character file.

22 bionis the Grave Robber (level 3, 0/24 HPs)
             Began as a Human Necromancer on Oct 3, 2017.
             Slain by a kobold
             ... wielding a +0 whip
              (3 damage)
             ... on level 1 of the Dungeon.
             The game lasted 00:07:58 (1240 turns).

bionis the Grave Robber (Human Necromancer)         Turns: 1240, Time: 00:07:59

Health: 0/24       AC:  2    Str:  8    XL:     3   Next: 7%
Magic:  1/6        EV: 12    Int: 16    God:
Gold:   35         SH:  0    Dex: 13    Spells: 4/6 levels left

rFire    . . .     SeeInvis .   f - +0 short sword
rCold    . . .     Gourm    .   (no shield)
rNeg     . . .     Faith    .   a - +0 robe
rPois    .         Spirit   .   (no helmet)
rElec    .         Reflect  .   (no cloak)
rCorr    .         Harm     .   (no gloves)
MR       .....                  (no boots)
Stlth    ++........             (no amulet)
HPRegen  0.08/turn              (no ring)
MPRegen  0.10/turn              (no ring)

@: no status effects
A: no striking features
a: no special abilities


You were on level 1 of the Dungeon.
You were not hungry.

You visited 1 branch of the dungeon, and saw 1 of its levels.

You collected 35 gold pieces.

Inventory:

Hand Weapons
 d - a +0 dagger
 f - a +0 short sword (weapon)
 g - a +4 whip of electrocution
 l - a +0 club
Missiles
 j - 11 sling bullets
Armour
 a - a +0 robe (worn)
 i - a +0 leather armour
Scrolls
 c - a scroll of identify {unknown}
 h - a scroll of immolation {unknown}
Potions
 e - 3 potions of curing {unknown}
Books
 b - a book of Necromancy

   Spells                             Type                      Level
   a - Pain                           Necromancy                   1
   b - Animate Skeleton               Necromancy                   1
   c - Vampiric Draining              Necromancy                   3
   d - Regeneration                   Charms/Necromancy            3
   e - Animate Dead                   Necromancy                   4
   f - Control Undead                 Necromancy                   4
Comestibles
 k - a meat ration


   Skills:
 + Level 2.1 Dodging
 + Level 2.1 Stealth
 + Level 2.3 Spellcasting
 + Level 4.5 Necromancy


You had 4 spell levels left.
You knew the following spells:

 Your Spells              Type           Power        Failure   Level  Hunger
a - Pain                  Necr           ###.         3%          1    #......
b - Animate Skeleton      Necr           N/A          3%          1    #......


Dungeon Overview and Level Annotations

Branches:
Dungeon (1/15)

Altars:


Message History

The jackal misses you. x2; The kobold barely misses you.
You closely miss the jackal.
The jackal is almost dead.
The jackal barely misses you. The kobold closely misses you.
You hit the jackal but do no damage.
The jackal is almost dead.
The jackal bites you but does no damage.
The kobold barely misses you. The jackal completely misses you.
You closely miss the jackal.
The jackal is almost dead.
The jackal bites you but does no damage.
The kobold hits you with a whip.
* * * LOW HITPOINT WARNING * * *
The jackal bites you.
* * * LOW HITPOINT WARNING * * *
You hit the jackal.
You kill the jackal!
The kobold barely misses you. The kobold hits you with a whip.
You die...

#.# ###.## #....#
#....# #....######
#....##.... ###
#..........
#.######.....#.###
#@K........#.#.#
#.##########>...
#.# #.#.## #.#
#.#... #.# #.##...
#.# #.# ... #.#
#.# #.#


You could see a kobold.

Vanquished Creatures
  A giant cockroach (D:1)
  2 goblins (D:1)
  2 hobgoblins (D:1)
  5 jackals (D:1)
  5 bats (D:1)
  3 kobolds (D:1)
18 creatures vanquished.

Vanquished Creatures (collateral kills)
  A leopard gecko (D:1)
1 creature vanquished.

Grand Total: 19 creatures vanquished

Notes
Turn   | Place    | Note
-------+----------+-------------------------------------------
     0 | D:1      | bionis the Human Necromancer began the quest for the Orb.
     0 | D:1      | Reached XP level 1. HP: 13/13 MP: 3/3
     2 | D:1      | Learned a level 1 spell: Animate Skeleton
   459 | D:1      | Reached XP level 2. HP: 19/19 MP: 3/5
  1230 | D:1      | Reached XP level 3. HP: 21/24 MP: 3/6
  1240 | D:1      | Slain by a kobold

Vault maps used:
D:1:      saegor_arrival_miasma

Action                   || total
-------------------------++-------
Melee: Unarmed           ||     5
       Short sword       ||     6
 Cast: Pain              ||    32
       Animate Skeleton  ||     3
  Eat: Bread ration      ||     1
Armor: Robe              ||     8
Dodge: Dodged            ||    29

Table legend:
 A = Spawn XP
 B = Non-spawn XP
 C = Spawn XP percentage of total XP
 D = Spawn monster count
 E = Non-spawn monster count
 F = Spawn count percentage of total count
 G = Total turns spent on level
                    A         B        C        D         E        F      G
               +---------+---------+-------+---------+---------+-------+---------
         Total |       0 |      32 |   0.0 |       0 |      19 |   0.0 |  1240
               +---------+---------+-------+---------+---------+-------+---------
           D:1 |       0 |      32 |   0.0 |       0 |      19 |   0.0 |  1240
               +---------+---------+-------+---------+---------+-------+---------
